 Dungeon Crawl Stone Soup version 0.18.1-47-g9310371 (webtiles) character file.

586 matakusis the Grave Robber (level 7, -2/46 HPs)
             Began as a Demonspawn Necromancer on June 17, 2016.
             Slain by a gnoll
             ... wielding a +0 spear
              (3 damage)
             ... on level 5 of the Dungeon.
             The game lasted 00:26:45 (5297 turns).

matakusis the Grave Robber (Demonspawn Necromancer) Turns: 5297, Time: 00:26:46

Health: -2/46      AC:  7    Str:  8    XL:     7   Next: 15%
Magic:  0/15       EV: 12    Int: 18    God:
Gold:   153        SH:  0    Dex: 16    Spells: 3 memorised, 10 levels left

rFire  . . .     SeeInvis .     e - +0 hand axe (chop)
rCold  . . .     Gourm    .     a - +1 robe
rNeg   . . .     Faith    .     (no shield)
rPois  .         Spirit   +     (helmet restricted)
rElec  .         Dismiss  .     (no cloak)
rCorr  .         Reflect  .     (no gloves)
SustAt .         Harm     .     (no boots)
MR     .....                    (no amulet)
Stlth  ++........               (no ring)
                                g - +3 ring of dexterity

@: not resistant to hostile enchantments, unstealthy
A: antennae 1, rough black scales 1, magic shield, rot immunity
a: no special abilities


You were on level 5 of the Dungeon.
You were very hungry.

You visited 2 branches of the dungeon, and saw 6 of its levels.

You collected 153 gold pieces.

Inventory:

Hand Weapons
 e - a +0 hand axe of chopping (weapon)
Armour
 a - a +1 robe (worn)
 d - a +0 buckler
Jewellery
 g - a +3 ring of dexterity (left hand)
 i - an uncursed ring of flight {unknown}
Books
 b - a book of Necromancy

   Spells                             Type                      Level
   a - Pain                           Necromancy                   1
   b - Animate Skeleton               Necromancy                   1
   c - Vampiric Draining              Necromancy                   3
   d - Regeneration                   Charms/Necromancy            3
   e - Animate Dead                   Necromancy                   4
   f - Control Undead                 Necromancy                   4
Comestibles
 c - a bread ration
 f - a beef jerky
 k - 3 meat rations


   Skills:
 - Level 0.5 Axes
 - Level 1.7 Dodging
 - Level 1.7 Stealth
 + Level 5.4 Spellcasting
 + Level 7.1 Necromancy


You had 10 spell levels left.
You knew the following spells:

 Your Spells              Type           Power        Failure   Level  Hunger
a - Pain                  Necr           ####         1%          1    None
b - Animate Skeleton      Necr           N/A          1%          1    None
c - Animate Dead          Necr           N/A          8%          4    ####...


Dungeon Overview and Level Annotations

Branches:
Dungeon (5/15)             Temple (1/1) D:5

Altars:
Ashenzari
Cheibriados
Dithmenos
Elyvilon
Fedhas
Gozag
Makhleb
Okawaru
Qazlal
Ru
Sif Muna
Trog
Vehumet
Xom
Yredelemnul
The Shining One

Portals:
Ossuary: D:5

Annotations:
D:4 Edmund
D:5 daning's ghost, amateur HESk


Innate Abilities, Weirdness & Mutations

You have a pair of small antennae on your head.
You are partially covered in rough black scales (AC +4, Dex -1).
When hurt, damage is shared between your health and your magic reserves.
You are immune to rotting.


Message History

Aim: a gnoll (chance to defeat MR: 89%)
The gnoll convulses in agony!
The gnoll hits you from afar with a spear.
* * * LOW HITPOINT WARNING * * *
The gnoll barely misses you.
Your magical contamination has completely faded away.
Casting: Pain
Confirm with . or Enter, or press ? or * to list all spells.
Aiming: Pain
Press: ? - help, Shift-Dir - straight line, f/p - gnoll
Aim: a gnoll (moderately wounded, chance to defeat MR: 89%)
The gnoll convulses in agony!
The gnoll hits you but does no damage.
Casting: Pain
Confirm with . or Enter, or press ? or * to list all spells.
Aiming: Pain
Press: ? - help, Shift-Dir - straight line, f/p - gnoll
Aim: a gnoll (heavily wounded, chance to defeat MR: 89%)
The gnoll convulses in agony!
The gnoll hits you from afar with a spear.
You die...

#....##
#....#
#....##
#..###.##
#.##
##.## ##
##.##
##g# #g#
#@# ###


You could see 2 gnolls.

Vanquished Creatures
  A sky beast (D:5)
  An ogre (D:4)
  An orc wizard (D:4)
  A giant frog skeleton (D:4)
  2 worker ants (D:4)
  7 gnolls
  3 adders
  A shadow imp (D:5)
  An ooze (D:2)
  An adder skeleton (D:4)
  A worm (D:3)
  3 dart slugs
  2 giant geckos (D:2)
  15 orcs
  2 ball pythons
  4 giant cockroaches
  4 goblins
  5 hobgoblins
  4 jackals
  A quokka (D:3)
  8 bats
  2 giant newts (D:2)
  10 kobolds
  9 rats
89 creatures vanquished.

Vanquished Creatures (collateral kills)
  A phantom (D:4)
  2 orc priests (D:4)
  A worker ant (D:4)
  A goblin (D:3)
  A jackal (D:4)
  A rat (D:1)
7 creatures vanquished.

Grand Total: 96 creatures vanquished

Notes
Turn   | Place    | Note
--------------------------------------------------------------
     0 | D:1      | matakusis the Demonspawn Necromancer began the quest for the Orb.
     0 | D:1      | Reached XP level 1. HP: 13/13 MP: 3/3
   236 | D:1      | Gained mutation: When hurt, damage is shared between your health and your magic reserves. [demonic ancestry]
   236 | D:1      | Reached XP level 2. HP: 15/19 MP: 0/5
   308 | D:1      | Learned a level 1 spell: Animate Skeleton
   674 | D:1      | Reached skill level 5 in Necromancy
   927 | D:2      | Reached XP level 3. HP: 12/24 MP: 0/6
  1629 | D:2      | Gained mutation: You are immune to rotting. [demonic ancestry]
  1629 | D:2      | Reached XP level 4. HP: 25/30 MP: 3/8
  1672 | D:2      | Found a snail-covered altar of Cheibriados.
  1690 | D:2      | Learned a level 4 spell: Animate Dead
  1755 | D:2      | Found a basalt altar of Yredelemnul.
  2372 | D:3      | Found a blossoming altar of Fedhas.
  2757 | D:3      | Found a bloodstained altar of Trog.
  3066 | D:4      | Gained mutation: You are partially covered in rough black scales (AC +4, Dex -1). [demonic ancestry]
  3066 | D:4      | Reached XP level 5. HP: 22/35 MP: 4/10
  3082 | D:4      | Noticed a phantom
  3249 | D:4      | Noticed an ogre
  3653 | D:3      | Reached skill level 6 in Necromancy
  4082 | D:4      | Killed an ogre
  4082 | D:4      | Gained mutation: You have a pair of small antennae on your head. [demonic ancestry]
  4082 | D:4      | Reached XP level 6. HP: 8/41 MP: 0/12
  4430 | D:4      | Found a sacrificial altar of Ru.
  4458 | D:4      | Reached skill level 5 in Spellcasting
  4596 | D:4      | Noticed Edmund
  4654 | D:5      | Entered Level 5 of the Dungeon
  4722 | D:5      | Found a staircase to the Ecumenical Temple.
  4728 | Temple   | Entered the Ecumenical Temple
  5024 | D:5      | Noticed a sky beast
  5086 | D:5      | Killed a sky beast
  5086 | D:5      | Reached skill level 7 in Necromancy
  5086 | D:5      | Reached XP level 7. HP: 6/46 MP: 0/15
  5104 | D:5      | Noticed daning's ghost (amateur HESk)
  5242 | D:5      | Found a sand-covered staircase.
  5293 | D:5      | HP: 1/46 [gnoll/spear (3)]
  5297 | D:5      | Slain by a gnoll

Skill      XL: |  1  2  3  4  5  6 |
---------------+-------------------+-----
Necromancy     | 5 6 7 |  7.1
Spellcasting   | 3 4 5 |  5.4
Axes           | |  0.5
Dodging        | |  1.7
Stealth        | |  1.7

Action                   |  1- 3 |  4- 6 |  7- 9 || total
-------------------------+-------+-------+-------++-------
Melee: Unarmed           |     9 |       |       ||     9
       Short sword       |     5 |     2 |       ||     7
       Hand axe          |       |    39 |     1 ||    40
 Cast: Pain              |    53 |   149 |    18 ||   220
       Animate Skeleton  |    10 |     2 |       ||    12
       Animate Dead      |       |    14 |     1 ||    15
  Use: Potion            |     1 |     5 |       ||     6
       Scroll            |       |     9 |       ||     9
  Eat: Chunk             |     3 |     8 |       ||    11
       Bread ration      |       |     1 |       ||     1
Armor: Robe              |     4 |    35 |     6 ||    45
Dodge: Dodged            |    17 |    53 |     8 ||    78
